 Dungeon Crawl Stone Soup version 0.28-a0-1524-ge72afd5fc6 (webtiles) character file.

Game seed: 10656632974675658841

3720 knot the Cleaver (level 9, -2/63 HPs)
             Began as a Demonspawn Berserker on Jan 18, 2022.
             Was an Elder of Trog.
             Shot with an arrow by a centaur warrior (29 damage)
             ... on level 8 of the Dungeon.
             The game lasted 00:13:29 (11252 turns).

knot the Cleaver (Demonspawn Berserker)            Turns: 11252, Time: 00:13:30

Health: -2/63      AC:  7    Str: 17    XL:     9   Next: 92%
Magic:  0/9        EV: 12    Int: 13    God:    Trog [****..]
Gold:   312        SH:  0    Dex: 16    Spells: 8/8 levels left

rFire   . . .      SeeInvis .   u - +1 hand axe (elec)
rCold   + + .      Faith    .   (no shield)
rNeg    + . .      Spirit   +   B - +1 troll leather armour
rPois   .          Reflect  .   w - +0 helmet "Luram" {rC+ Str+4 Dex+3}
rElec   .          Harm     .   (no cloak)
rCorr   .          Rampage  .   (no gloves)
Will    .....      Clarity  +   i - +0 pair of boots
Stlth   +.........              l - amulet of guardian spirit
HPRegen 1.00/turn               s - ring of positive energy
MPRegen 0.22/turn               v - ring of protection from cold

@: no status effects
A: magic regeneration, weakness stinger 2, talons 1, clarity, weak 2
a: Renounce Religion, Berserk, Trog's Hand, Brothers in Arms


You were on level 8 of the Dungeon.
You worshipped Trog.
Trog was greatly pleased with you.
You visited 1 branch of the dungeon, and saw 8 of its levels.
You also visited: Sewer.

You collected 359 gold pieces.
You spent 47 gold pieces at shops.

Inventory:

Hand Weapons
 a - a +0 hand axe of venom
 j - a +0 battleaxe
 u - a +1 hand axe of electrocution (weapon)
Missiles
 d - 176 stones
 e - 6 poisoned darts (quivered)
 h - 24 sling bullets
 r - 5 boomerangs
 A - 2 boomerangs of dispersal
Armour
 i - a +0 pair of boots (worn)
 w - the +0 helmet "Luram" (worn) {rC+ Str+4 Dex+3}
   (You found it on level 6 of the Dungeon)

   Str:       It affects your strength (+4).
   Dex:       It affects your dexterity (+3).
   rC:        It protects you from cold.
 B - a +1 troll leather armour (worn)
Jewellery
 l - an amulet of guardian spirit (around neck)
 s - a ring of positive energy (left hand)
 v - a ring of protection from cold (right hand)
Wands
 c - a wand of iceblast (8)
 o - a wand of polymorph (7)
Scrolls
 f - 4 scrolls of immolation
 k - 4 scrolls of identify
 m - 2 scrolls of magic mapping
 n - a scroll of enchant weapon
 p - a scroll of enchant armour
Potions
 b - a potion of flight
 g - a potion of brilliance
 t - a potion of mutation
 x - a potion of heal wounds


   Skills:
 - Level 3.0 Fighting
 * Level 10.0 Axes
 * Level 8.9 Throwing
 - Level 1.7 Armour
 - Level 1.7 Dodging


You had 8 spell levels left.
You didn't know any spells.
Your spell library contained the following spells:

 Spells                   Type           Power      Damage    Failure   Level
 Dispersal                Tloc           0%         N/A       100%        6
 Disjunction              Tloc           0%         N/A       100%        8


Dungeon Overview and Level Annotations

Branches:
Dungeon (8/15)             Temple (0/1) D:4           Sewer (visited)
   Lair: D:8-11

Altars:
Gozag
Hepliaklqana
Trog

Shops:
D:3 *   D:6 *


Innate Abilities, Weirdness & Mutations

You regenerate magic rapidly.
You have a tail ending in a sharp stinger.
You have sharp toenails.
You possess an exceptional clarity of mind.
You are very weak. (Str -4)


Message History

You closely miss the orc wizard.
The orc wizard is almost dead.
You slash the orc wizard!
You kill the orc wizard!
Trog accepts your kill.
Trog appreciates your killing of a magic user.
Things that are here:
a +0 dagger; a +0 robe You start resting.
You feel a strong urge to attack something.
You start resting.
You feel your anger nearly subside.
You are no longer berserk.
You are exhausted.
You feel yourself slow down.
You start resting.
Magic restored.
You start resting.
HP restored.
You start waiting.
You feel yourself speed up.
You start waiting.
You recover from your berserk rage.
You open the door.
A centaur warrior comes into view.
The centaur warrior shouts!
The centaur warrior wields a +2 longbow of flaming.
It bursts into flame!
The centaur warrior shoots an arrow.
The arrow hits you!! The arrow burns you!
A centaur warrior is nearby!
A centaur warrior is nearby!
The centaur warrior shoots an arrow.
The arrow hits you!!
* * * LOW HITPOINT WARNING * * *
The arrow burns you!
* * * LOW HITPOINT WARNING * * *
There is an open door, spattered with blood here.
You feel much better.
The centaur warrior shoots an arrow.
The arrow misses you.
The centaur warrior shoots an arrow.
The arrow hits you! The arrow burns you.
The centaur warrior shoots an arrow.
The arrow hits you!!
You die...

#.....#........# .
#.....#...##...# .
#.....#...##...######
#.....#..............
#..c..#....).).......
#.....#....).......†.
#.....###.##...#####'
###'#####.###+###....
#...@...........#....
#...............#....
#...............#....
#################....
#####


You could see a centaur warrior.

Vanquished Creatures
  A boulder beetle (D:7)
  A troll (D:6)
  Eustachio (D:6)
  A wyvern (D:8)
  3 orc warriors
  A hornet zombie (D:8)
  A sky beast (D:8)
  A black bear (D:7)
  2 centaurs
  2 ogres
  5 bullfrogs
  2 wyvern zombies
  2 scorpions
  A wyvern skeleton (D:5)
  3 wights (D:6)
  A bullfrog zombie (D:6)
  8 orc priests
  2 hounds (D:6)
  3 jellies
  A gnoll shaman (D:6)
  A centaur skeleton (D:6)
  2 iguanas
  4 orc wizards
  A hound zombie (D:4)
  A howler monkey zombie (D:5)
  3 gnolls (D:6)
  7 adders
  4 river rats (Sewer)
  A shadow imp (D:6)
  An ufetubus (D:6)
  4 adder skeletons
  2 worms (Sewer)
  2 dart slugs
  23 orcs
  15 ball pythons
  8 bats
  A bat skeleton (D:2)
  3 endoplasms
  7 giant cockroaches
  8 hobgoblins
  13 jackals
  8 kobolds
  10 quokkas
  2 ball python skeletons (D:2)
  A ball python zombie (D:2)
  5 frilled lizards
  6 goblins
  2 jackal skeletons (D:2)
  A jackal zombie (D:2)
  A quokka skeleton (D:2)
  2 quokka zombies (D:2)
  4 rats
195 creatures vanquished.

Vanquished Creatures (others)
  2 withered plants (D:2)
2 creatures vanquished.

Grand Total: 197 creatures vanquished

Notes
Turn   | Place    | Note
-------+----------+-------------------------------------------
     0 | D:1      | knot the Demonspawn Berserker began the quest for the Orb.
     0 | D:1      | Reached XP level 1. HP: 18/18 MP: 1/1
   116 | D:1      | Reached skill level 3 in Axes
   312 | D:1      | Gained mutation: You have a small tail. [demonic ancestry]
   312 | D:1      | Reached XP level 2. HP: 24/24 MP: 2/2
  1549 | D:2      | Reached XP level 3. HP: 27/29 MP: 3/3
  1735 | D:2      | Reached skill level 4 in Axes
  1735 | D:2      | Reached ** piety under Trog
  2422 | D:3      | Noticed a bullfrog
  2428 | D:3      | Gained mutation: You regenerate magic rapidly. [demonic
                  | ancestry]
  2428 | D:3      | Reached XP level 4. HP: 35/35 MP: 4/4
  2429 | D:3      | Killed a bullfrog
  2430 | D:3      | Reached skill level 1 in Throwing
  2430 | D:3      | Reached XP level 5. HP: 40/41 MP: 5/5
  2521 | D:3      | Found a glowing drain.
  2555 | Sewer    | Entered a sewer
  2646 | Sewer    | Reached skill level 5 in Axes
  3435 | Sewer    | Reached *** piety under Trog
  4205 | D:3      | Reached XP level 6. HP: 47/47 MP: 6/6
  4500 | D:3      | Found a hazy altar of Hepliaklqana.
  4584 | D:3      | Found Iqok's Assorted Antiques.
  4588 | D:3      | Bought a grey potion for 22 gold pieces
  4588 | D:3      | Bought a scroll labelled HUDUCRU DOPA for 25 gold pieces
  5005 | D:4      | Noticed Sigmund
  5168 | D:4      | Noticed Sigmund
  5168 | D:4      | Sigmund changed into Sigmund the bullfrog
  5172 | D:4      | Killed Sigmund the bullfrog
  5180 | D:4      | Found a staircase to the Ecumenical Temple.
  5567 | D:4      | Gained mutation: You have sharp toenails. [potion of
                  | mutation]
  5567 | D:4      | Gained mutation: You are weak. (Str -2) [potion of
                  | mutation]
  5567 | D:4      | Gained mutation: You are very weak. (Str -4) [potion of
                  | mutation]
  5567 | D:4      | Gained mutation: You possess an exceptional clarity of
                  | mind. [potion of mutation]
  5568 | D:4      | Reached skill level 6 in Axes
  5568 | D:4      | Reached XP level 7. HP: 52/52 MP: 7/7
  6406 | D:5      | Entered Level 5 of the Dungeon
  7052 | D:5      | Reached skill level 5 in Throwing
  7709 | D:6      | Reached skill level 7 in Axes
  7709 | D:6      | Reached XP level 8. HP: 58/58 MP: 8/8
  8240 | D:6      | Identified the +0 helmet "Luram" {rC+ Str+4 Dex+3}
  8240 | D:6      | Noticed Eustachio
  8259 | D:6      | Killed Eustachio
  8391 | D:6      | Found an opulent altar of Gozag.
  8393 | D:6      | Found Gozag's Platinum Reserve.
  9200 | D:6      | Reached skill level 8 in Axes
  9361 | D:6      | Noticed a troll
  9370 | D:6      | Killed a troll
  9614 | D:7      | Noticed a boulder beetle
  9634 | D:7      | HP: 2/58 [boulder beetle (35)]
  9681 | D:7      | Killed a boulder beetle
  9682 | D:7      | Reached skill level 9 in Axes
  9682 | D:7      | Gained mutation: You have a tail ending in a sharp stinger.
                  | [demonic ancestry]
  9682 | D:7      | Reached XP level 9. HP: 62/63 MP: 6/9
 10708 | D:8      | Found a bloodstained altar of Trog.
 11159 | D:8      | Reached **** piety under Trog
 11202 | D:8      | Reached skill level 10 in Axes
 11249 | D:8      | Noticed a centaur warrior
 11252 | D:8      | Shot with an arrow by a centaur warrior

Illustrated notes

Levels and vault maps discovered:
D:1:      kennysheep_arrival_forest, layout_basic, minmay_distorted
D:2:      layout_basic, serial_undead, serial_undead_e, serial_undead_b,
          serial_undead_f, serial_undead_e, serial_undead_a, serial_undead_c
D:3:      layout_basic, nicolae_hepliaklqana_hazy_memory, serial_shops, shop,
          gup_sewer_entry_pipe
D:4:      layout_gridville, minmay_temple_entry_stoned_glass, uniq_sigmund
D:5:      layout_gridville
D:6:      layout_gridville, nicolae_gozag_zags_fifth_avenue, serial_glass,
          glass_columns_c, glass_columns_b, glass_columns_a, glass_columns_a,
          uniq_eustachio
D:7:      layout_basic, serial_curves, eino_curves_01, eino_curves_04
D:8:      layout_gridville, general_overflow_altar, cheibrodos_ashenzari_chains,
          lemuel_crystal_altar, minmay_misc_feat_roman, uniq_harold, uniq_grum

Skill      XL: |  1  2  3  4  5  6  7  8  9 |
---------------+----------------------------+-----
Axes           | 3 4 5 6 7 9 10 | 10.0
Throwing       | 1 2 3 5 7 8 |  8.9
Fighting       | |  3.0
Armour         | |  1.7
Dodging        | |  1.7

Action                   |  1- 3 |  4- 6 |  7- 9 || total
-------------------------+-------+-------+-------++-------
Melee: Hand axe          |    98 |   215 |   305 ||   618
       Tailslap          |    10 |    21 |    45 ||    76
       Punch             |     2 |     4 |     9 ||    15
Invok: Berserk           |     4 |     4 |     9 ||    17
       Trog's Hand       |     1 |       |     2 ||     3
Evoke: Wand              |       |     1 |       ||     1
  Use: Scroll            |     1 |     6 |     4 ||    11
       Potion            |       |    10 |     3 ||    13
 Stab: Sleeping          |     1 |       |       ||     1
Armor: Animal skin       |    12 |       |       ||    12
       Ring mail         |    17 |    97 |    57 ||   171
       Skin              |       |     6 |     8 ||    14
       Troll leather arm |       |       |    29 ||    29
Dodge: Dodged            |    78 |   131 |   125 ||   334

Table legend: (Time is in decaauts)
 A = Elapsed time spent in this place.
 B = Non-inter-level travel time spent in this place.
 C = Inter-level travel time spent in this place.
 D = Time resting spent in this place.
 E = Time spent auto-exploring this place.
 F = Levels seen in this place.
 G = Mean time per level.
                   A        B        C        D        E       F      G
               +--------+--------+--------+--------+--------+-----+--------+
         Total |  11615 |  11334 |    281 |   3230 |   6361 |   9 | 1290.6 |
       Dungeon |   9753 |   9472 |    281 |   2536 |   5790 |   8 | 1219.1 |
         Sewer |   1861 |   1861 |      0 |    694 |    571 |   1 | 1861.0 |
               +--------+--------+--------+--------+--------+-----+--------+

Top non-repeatable levels by time:
   Sewer: 1861 daAuts
     D:6: 1758 daAuts
     D:5: 1496 daAuts
     D:2: 1359 daAuts
     D:4: 1293 daAuts
     D:3: 1198 daAuts
     D:7: 1069 daAuts
     D:1: 1021 daAuts
     D:8: 556 daAuts
